 Dungeon Crawl Stone Soup version 0.27-a0-1525-g1038ab4fd7 (webtiles) character file.

Game seed: 1914390531185047695

2 elagabalus the Ruffian (level 1, 22/22 HPs)
             Began as a Troll Berserker on July 10, 2021.
             Was a Follower of Trog.
             Quit the game on level 1 of the Dungeon.
             The game lasted 00:01:27 (100 turns).

elagabalus the Ruffian (Troll Berserker)             Turns: 100, Time: 00:01:28

Health: 22/22      AC:  4    Str: 24    XL:     1   Next: 25%
Magic:  0/0        EV: 10    Int:  3    God:    Trog [*.....]
Gold:   13         SH:  0    Dex:  9    Spells: 0/0 levels left

rFire    . . .     SeeInvis .     - Unarmed
rCold    . . .     Faith    .   (no shield)
rNeg     . . .     Spirit   .   a - +0 animal skin
rPois    .         Reflect  .   (helmet restricted)
rElec    .         Harm     .   (no cloak)
rCorr    .         Rampage  .   (gloves unavailable)
Will     .....                  (boots unavailable)
Stlth    +.........             (no amulet)
HPRegen  1.07/turn              (no ring)
MPRegen  0.07/turn              (no ring)

@: no status effects
A: large, unfitting armour, claws 3, regeneration 1, shaggy fur 1, tough skin 1
a: Renounce Religion, Berserk


You were on level 1 of the Dungeon.
You worshipped Trog.
Trog was aware of your devotion.
You visited 1 branch of the dungeon, and saw 1 of its levels.

You collected 13 gold pieces.

Inventory:

Armour
 a - a +0 animal skin (worn)
Potions
 b - a potion of lignification {unknown}
 c - 2 potions of invisibility {unknown}


   Skills:
 * Level 2.4 Fighting
 - Level 2.4 Dodging
 - Level 3.0 Unarmed Combat


You couldn't memorise any spells.
You didn't know any spells.
Your spell library was empty.

Dungeon Overview and Level Annotations

Branches:
Dungeon (1/15)

Altars:


Innate Abilities, Weirdness & Mutations

You are too large for most types of armour.
You have claws for hands.
Your natural rate of healing is unusually fast.
You are covered in fur. (AC +1)
You have tough skin. (AC +1)


Message History

Found a leather armour.
Your library has no spells.
You don't know any spells.
You don't know any spells.
You don't know any spells.
Okay, then.
b - a dark potion
There are no items here.
Found a stone staircase leading down.
You see here a +0 leather armour.
You open the door.
There is an open door here.
You open the door.
There is an open door here.
There is an open door here.
You open the door.
There is an open door here.
Found 6 gold pieces.
A goblin comes into view. It is wielding a +0 dagger.
The goblin shouts!
Found a stone staircase leading down.
You see here 6 gold pieces.
You now have 13 gold pieces (gained 6).
You scratch the goblin.
The goblin is heavily wounded.
The goblin hits you but does no damage.
You claw the goblin!
You kill the goblin!
Trog accepts your kill.
A rat comes into view.
The rat moves out of view.
A rat is nearby!
You barely miss the rat. The rat barely misses you.
You scratch the rat.
You kill the rat!
Trog accepts your kill.
Found 2 puce potions.
c - 2 puce potions
There are no items here.
Are you sure you want to abandon this character and quit the game? (Confirm with "yes".)

########## .........>
#.# ..[.....# #.#
...######.. #.#
...'....... #.###
...#######.####...
...# #.#.....# ...#
#.#.##..##### #'##
#.#....@....#
#.########.###.#.###.#
#.#..............#
#.#.........##.###
#.#.........##...
#.#.........##.###
#.#.........##.#
#.#.........##.#
#.#.........##.#


There were no monsters in sight!

Vanquished Creatures
  A goblin (D:1)
  A rat (D:1)
2 creatures vanquished.

Notes
Turn   | Place    | Note
-------+----------+-------------------------------------------
     0 | D:1      | elagabalus the Troll Berserker began the quest for the Orb.
     0 | D:1      | Reached XP level 1. HP: 22/22 MP: 0/0
   100 | D:1      | Quit the game

Illustrated notes

Levels and vault maps discovered:
D:1:      dpeg_arrival_pits, layout_basic, ebering_ecumenical_altar_hall

Action                   || total
-------------------------++-------
Melee: Unarmed           ||     4
Armor: Animal skin       ||     1
Dodge: Dodged            ||     1

Table legend: (Time is in decaauts)
 A = Elapsed time spent in this place.
 B = Non-inter-level travel time spent in this place.
 C = Inter-level travel time spent in this place.
 D = Time resting spent in this place.
 E = Time spent auto-exploring this place.
 F = Levels seen in this place.
 G = Mean time per level.
                   A        B        C        D        E       F      G
               +--------+--------+--------+--------+--------+-----+--------+
         Total |     99 |     15 |     84 |      0 |      0 |   1 |   99.0 |
       Dungeon |     99 |     15 |     84 |      0 |      0 |   1 |   99.0 |
               +--------+--------+--------+--------+--------+-----+--------+

Top non-repeatable levels by time:
     D:1: 99 daAuts
